 Dungeon Crawl Stone Soup version 0.16.0-16-g311141a (webtiles) character file.

77402 Zapata the Bludgeoner (level 16, -6/104 HPs)
             Began as a Kobold Berserker on Mar 19, 2015.
             Was the Champion of Trog.
             Killed from afar by Nikola (22 damage)
             ... with a chain lightning
             ... on level 1 of the Elven Halls.
             The game lasted 00:56:45 (30575 turns).

Zapata the Bludgeoner (Kobold Berserker)           Turns: 30575, Time: 00:56:46

Health: -6/104     AC: 14    Str: 20    XL:     16   Next: 4%
Magic:  7/7        EV: 34    Int:  8    God:    Trog [******]
Gold:   1911       SH: 11    Dex: 21    Spells: 0 memorised, 15 levels left

rFire  + + .     SeeInvis +     a - +5 morningstar "Dyewk" {crush, +Blink rC- Str+3 SInv}
rCold  . . .     Clarity  .     I - +3 leather armour of the Ban {Int+3}
rNeg   + . .     SustAb   .     H - +3 buckler {rF+}
rPois  +         Gourm    .     l - +0 helmet
rElec  .         Spirit   .     Y - +2 cloak
rCorr  .         Warding  .     n - +0 pair of gloves
rMut   +         Stasis   .     D - +0 pair of boots
MR     +....                    K - amulet "Plog" {rMut rPois rF+}
Stlth  ++++......               z - ring of Equilibrium {+Fly rC+ rN+ MP-9}
                                Z - +5 ring of evasion

@: somewhat resistant to hostile enchantments, stealthy
A: carnivore 3
a: Burn Spellbooks, Berserk, Trog's Hand, Brothers in Arms, Renounce Religion,
Evoke Blink, Evoke Flight


You were on level 1 of the Elven Halls.
You worshipped Trog.
Trog was exalted by your worship.
You were not hungry.

You visited 4 branches of the dungeon, and saw 25 of its levels.
You also visited: Labyrinth and Ice Cave.

You collected 2721 gold pieces.
You spent 810 gold pieces at shops.

Inventory:

Hand weapons
 a - the +5 morningstar "Dyewk" (weapon) {crush, +Blink rC- Str+3 SInv}
   (Trog gifted it to you on level 4 of the Orcish Mines)

   It inflicts extra damage upon your enemies.
   It affects your strength (+3).
   It makes you vulnerable to cold.
   It enhances your eyesight.
   It lets you blink.
 b - a +2 hand crossbow of flaming
 o - a +4 eveningstar of flaming
 y - the +6 whip "Suzaitz" {speed, rF- rC+ rN+ Int+3 SInv}
   (You found it on level 1 of the Elven Halls)

   Attacks with this weapon are significantly faster.
   It affects your intelligence (+3).
   It makes you vulnerable to fire.
   It protects you from cold.
   It protects you from negative energy.
   It enhances your eyesight.
Missiles
 v - 11 poisoned bolts
 C - 18 bolts
 F - 12 bolts of frost
Armour
 l - a +0 helmet (worn)
 n - a +0 pair of gloves (worn)
 D - a +0 pair of boots (worn)
 H - a +3 buckler of fire resistance (worn)
 I - the +3 leather armour of the Ban (worn) {Int+3}
   (You bought it in a shop on level 7 of the Dungeon)

   It affects your intelligence (+3).
 Y - a +2 cloak (worn)
Jewellery
 z - the ring of Equilibrium (right hand) {+Fly rC+ rN+ MP-9}
   (You found it on level 5 of the Dungeon)

   [ring of flight]

   It protects you from cold.
   It protects you from negative energy.
   It affects your magic capacity (-9).
   It lets you fly.
 K - the amulet "Plog" (around neck) {rMut rPois rF+}
   (You acquired it on level 11 of the Dungeon)

   [amulet of resist mutation]

   It protects you from mutation.
   It protects you from fire.
   It protects you from poison.
 Z - a +5 ring of evasion (left hand)
Magical devices
 i - a wand of slowing (30)
 u - a wand of fire (4)
 w - a wand of slowing (32)
 N - a wand of teleportation (4)
Scrolls
 e - 3 scrolls of remove curse
 g - 5 scrolls of recharging
 j - a scroll of magic mapping
 q - 2 scrolls of fog
 r - 3 scrolls of fear
 x - 2 scrolls of blinking
 E - 9 scrolls of teleportation
 S - a scroll of summoning {unknown}
 U - a scroll of torment {unknown}
 X - 4 scrolls of amnesia {unknown}
Potions
 f - 17 potions of curing
 h - a potion of flight
 k - a potion of invisibility
 m - a potion of haste {unknown}
 p - 4 potions of heal wounds
 s - 3 potions of agility
 t - 2 potions of lignification {unknown}
 A - a potion of might {unknown}
Comestibles
 c - 8 meat rations
 d - 3 beef jerkies
 B - a slice of pizza


   Skills:
 + Level 13.4 Fighting
 - Level 16.0 Maces & Flails
 - Level 8.5 Crossbows
 - Level 6.4 Armour
 + Level 14.2 Dodging
 - Level 5.4 Stealth
 - Level 7.0 Shields


You had 15 spell levels left.
You didn't know any spells.

Dungeon Overview and Level Annotations

Branches:
Dungeon (12/15)            Temple (0/1) D:7            Lair (8/8) D:11
  Swamp (0/5) Lair:3       Spider (0/5) Lair:4        Slime (0/6) Lair:7
    Orc (4/4) D:12            Elf (1/3) Orc:3

Altars:
Fedhas
Gozag
Makhleb
Okawaru
Qazlal
Ru
Trog
Vehumet
Xom
Yredelemnul
Zin
The Shining One
Beogh

Shops:
D:7 [   Orc:1 =   Orc:2 ?   Orc:3 =   Orc:4 :[***

Annotations:
D:9 dig
Elf:1 Nikola


Innate Abilities, Weirdness & Mutations

You are small and have problems with some larger weapons.
You are carnivorous and can eat meat at any time.


Message History

Nikola is nearby!
You barely miss Nikola.
Nikola warns, "If you see one of my golems, approach with caution, they bite."
You block Nikola's attack.
You barely miss Nikola. You impale Nikola!!!
Nikola is moderately wounded.
Nikola casts a spell at you. The zap hits you!
Dmg: -6%(-7hp) hp: 94%(97hp)
You barely miss Nikola.
Nikola is moderately wounded.
Nikola gestures wildly while chanting.
You hear a mighty clap of thunder!
The lightning arc hits you!
The lightning arc hits Nikola.
The lightning arc hits you!
The lightning arc hits Nikola.
The lightning arc hits you!
* * * LOW HITPOINT WARNING * * *
The lightning arc hits Nikola.
The lightning arc hits you!
You die...

###################
...................
..........>.........
###########..###########
..........#..# ........
.......@...#..# ........
........@..'..# ........
...........#..# ........
..........#..# ....... .
.......$..#..# .......
..##################..###########
.................................
........)........................
######'###########'###########'##
...(..................)..........


You could see Nikola.

Vanquished Creatures
  4 dire elephants (Lair:8)
  The ghost of Fusha the Grappler, a powerful TrMo of Trog (IceCv)
  A deep elf death mage (Elf:1)
  A minotaur (Lab)
  6 hydras
  3 ogre magi (Orc:4)
  5 death yaks (Lair:8)
  An anaconda (Lair:8)
  2 deep elf knights (Elf:1)
  3 deep elf summoners (Elf:1)
  An ice statue (IceCv)
  6 hill giants
  An ugly thing (D:11)
  2 deep elf conjurers (Elf:1)
  5 black mambas
  A cyclops (D:11)
  13 elephants
  Maurice (D:12)
  Joseph (D:12)
  A gargoyle (D:10)
  7 spiny frogs
  A torpor snail (Lair:7)
  2 deep elf priests (Elf:1)
  2 trolls (D:12)
  4 komodo dragons
  11 two-headed ogres
  12 polar bears
  3 giant leeches (Lair:3)
  Sonja (D:12)
  A slime creature (D:12)
  14 blink frogs
  4 trapdoor spiders (Lair:4)
  A basilisk (Lair:4)
  5 deep elf magi (Elf:1)
  54 yaks
  Eustachio (D:6)
  A spriggan (Lair:6)
  A wraith (D:10)
  6 hippogriffs
  4 deep elf fighters (Elf:1)
  16 wolves
  5 wyverns
  9 hungry ghosts
  2 steam dragons
  2 wargs (Orc:3)
  17 water moccasins
  2 swamp worms (Lair:3)
  5 porcupines
  4 black bears
  38 ogres
  2 phantoms
  12 orc warriors
  3 sky beasts
  A necrophage (D:8)
  5 ice beasts
  2 centaurs
  2 boring beetles (Lair:7)
  7 crocodiles
  Duvessa (Orc:1)
  Blork the orc (D:7)
  26 giant frogs
  5 scorpions
  13 killer bees (Lair:8)
  2 goliath beetles
  2 centaur zombies
  Dowan (Orc:1)
  2 quasits
  4 crimson imps
  3 giant frog zombies
  12 hounds
  4 jellies
  4 giant frog skeletons
  12 orc priests
  4 iguanas
  25 orc wizards
  8 worker ants
  A killer bee zombie (D:9)
  3 sheep (D:11)
  Ijyb (D:3)
  3 worker ant zombies
  Robin (D:2)
  34 adders
  10 gnolls
  52 river rats
  12 white imps (Lair:4)
  4 worms
  2 adder skeletons
  3 adder zombies
  8 oozes
  118 orcs
  A bat skeleton (D:7)
  5 giant cockroaches
  28 goblins
  33 hobgoblins
  14 jackals
  12 quokkas
  A ball python skeleton (D:5)
  13 bats
  4 giant geckos
  3 giant newts
  A giant spore (D:12)
  A hobgoblin zombie (D:8)
  20 kobolds
  A quokka skeleton (D:4)
  A quokka zombie (D:9)
  20 rats
  2 ballistomycetes (D:11)
  A fungus (Lair:8)
  8 plants
878 creatures vanquished.

Vanquished Creatures (collateral kills)
  A frost giant (IceCv)
  An ogre mage (Orc:4)
  An orc knight (D:12)
  A gargoyle (D:12)
  A komodo dragon (Lair:8)
  A queen bee (Lair:8)
  4 polar bears (IceCv)
  2 two-headed ogres (Orc:4)
  5 yaks (IceCv)
  4 wolves (IceCv)
  6 orc warriors (D:12)
  3 ogres (Orc:4)
  An ice beast (D:8)
  11 killer bees (Lair:8)
  4 wights (D:6)
  2 orc priests (D:12)
  A shadow imp (D:8)
  9 orcs (D:12)
  A bat (D:8)
  2 hobgoblins
  4 orc zombies (D:8)
  A rat (D:8)
66 creatures vanquished.

Vanquished Creatures (others)
  A hill giant (Orc:4)
  A troll (IceCv)
  A hell rat (Elf:1)
  A giant spore (D:11)
  11 fungi
  A plant (Lair:8)
16 creatures vanquished.

Grand Total: 960 creatures vanquished

Notes
Turn   | Place    | Note
--------------------------------------------------------------
     0 | D:1      | Zapata, the Kobold Berserker, began the quest for the Orb.
     0 | D:1      | Reached XP level 1. HP: 14/14 MP: 1/1
    70 | D:1      | Reached XP level 2. HP: 14/19 MP: 2/2
   421 | D:1      | Acquired Trog's second power
   422 | D:1      | Reached skill level 4 in Maces & Flails
   422 | D:1      | Reached XP level 3. HP: 14/23 MP: 3/3
   836 | D:1      | HP: 1/23 [poisoned by a kobold]
  1535 | D:2      | Reached XP level 4. HP: 15/28 MP: 4/4
  1705 | D:2      | Found an iron altar of Okawaru.
  1728 | D:2      | Noticed Robin
  1756 | D:2      | Killed Robin
  1756 | D:2      | Reached skill level 5 in Maces & Flails
  2166 | D:2      | Reached XP level 5. HP: 25/32 MP: 5/5
  2220 | D:2      | Found an opulent altar of Gozag.
  2667 | D:3      | Reached skill level 6 in Maces & Flails
  2673 | D:3      | Noticed Ijyb
  2683 | D:3      | Killed Ijyb
  2893 | D:3      | Reached XP level 6. HP: 37/37 MP: 6/6
  2906 | D:3      | Acquired Trog's third power
  3968 | D:4      | Reached skill level 7 in Maces & Flails
  3968 | D:4      | Reached XP level 7. HP: 41/41 MP: 7/7
  4099 | D:4      | Found a burning altar of Makhleb.
  4269 | D:4      | Reached skill level 8 in Maces & Flails
  4311 | D:4      | Found a basalt altar of Yredelemnul.
  4439 | D:4      | Found a stormy altar of Qazlal.
  4804 | D:4      | Found a blossoming altar of Fedhas.
  4814 | D:4      | Found a radiant altar of Vehumet.
  4928 | D:5      | Entered Level 5 of the Dungeon
  5573 | D:5      | Reached XP level 8. HP: 42/46 MP: 8/8
  5785 | D:5      | Reached skill level 9 in Maces & Flails
  6171 | D:5      | Got a pitted silver ring
  6174 | D:5      | Identified the ring of Equilibrium {+Fly rC+ rN+ MP-9} (You found it on level 5 of the Dungeon)
  6875 | D:6      | Noticed Eustachio
  6880 | D:6      | Killed Eustachio
  6880 | D:6      | Reached skill level 10 in Maces & Flails
  7975 | D:6      | Reached XP level 9. HP: 47/51 MP: 0/9
  7981 | D:6      | Received a gift from Trog
  8108 | D:6      | Reached skill level 11 in Maces & Flails
  8692 | D:7      | Found a staircase to the Ecumenical Temple.
  9363 | D:7      | Reached skill level 12 in Maces & Flails
  9413 | D:7      | Found Schiahaunk's Antique Armour Boutique.
  9478 | D:7      | Noticed Blork the orc
  9493 | D:7      | Killed Blork the orc
  9656 | D:7      | Reached XP level 10. HP: 44/56 MP: 1/10
  9681 | D:7      | Reached skill level 13 in Maces & Flails
  9692 | D:7      | Found a glowing silver altar of Zin.
  9694 | D:7      | Bought a runed buckler for 112 gold pieces
  9694 | D:7      | Bought a crude leather armour for 175 gold pieces
  9694 | D:7      | Bought a glowing robe for 17 gold pieces
  9704 | D:7      | Identified the +3 leather armour of the Ban {Int+3} (You bought it in a shop on level 7 of the Dungeon)
  9813 | D:7      | Noticed an angel
  9816 | D:7      | Found a shimmering altar of Xom.
 10027 | D:8      | Received a gift from Trog
 10058 | D:8      | Noticed a hill giant
 10071 | D:8      | Killed a hill giant
 10205 | D:8      | Reached skill level 14 in Maces & Flails
 10300 | D:8      | HP: 2/56 [ice beast (2)]
 11162 | D:9      | Reached skill level 5 in Fighting
 11235 | D:9      | Reached skill level 5 in Dodging
 11395 | D:9      | Found a sacrificial altar of Ru.
 11424 | D:9      | Found a glowing golden altar of the Shining One.
 11543 | D:9      | Received a gift from Trog
 11715 | D:9      | Reached XP level 11. HP: 59/64 MP: 2/11
 11883 | D:10     | Entered Level 10 of the Dungeon
 11947 | D:10     | Noticed a hill giant
 11953 | D:10     | Killed a hill giant
 12529 | D:10     | Noticed a hill giant
 12534 | D:10     | Killed a hill giant
 12829 | D:11     | Noticed a cyclops
 12839 | D:11     | Killed a cyclops
 13065 | D:11     | Identified a scroll of acquirement
 13091 | D:11     | Noticed a hill giant
 13097 | D:11     | Killed a hill giant
 13384 | D:11     | Noticed a purple ugly thing
 13394 | D:11     | Killed a purple ugly thing
 13740 | D:7      | Bought an embroidered cloak for 112 gold pieces
 13813 | D:11     | Got a smoking bone amulet
 13815 | D:11     | Identified the amulet "Plog" {rMut rPois rF+} (You acquired it on level 11 of the Dungeon)
 13826 | D:11     | Found a staircase to the Lair.
 14250 | D:12     | Noticed Maurice
 14257 | D:12     | Killed Maurice
 14584 | D:12     | Noticed an orc knight
 14599 | D:12     | Killed an orc knight
 14607 | D:12     | Reached XP level 12. HP: 76/76 MP: 3/12
 14611 | D:12     | Received a gift from Trog
 14625 | D:12     | Found a roughly hewn altar of Beogh.
 14638 | D:12     | Received a gift from Trog
 14744 | D:12     | Noticed a hill giant
 14750 | D:12     | Killed a hill giant
 14750 | D:12     | Reached skill level 10 in Dodging
 14787 | D:12     | Found a staircase to the Orcish Mines.
 14898 | D:12     | Noticed an eight-headed hydra
 14907 | D:12     | Killed an eight-headed hydra
 14907 | D:12     | Reached skill level 10 in Fighting
 14956 | D:12     | Noticed a hill giant
 14965 | D:12     | Killed a hill giant
 15241 | D:12     | Noticed Joseph
 15254 | D:12     | Killed Joseph
 15461 | D:12     | Noticed Sonja
 15478 | D:12     | Killed Sonja
 15481 | D:12     | Received a gift from Trog
 15720 | Lair:1   | Entered Level 1 of the Lair of Beasts
 15741 | Lair:1   | Reached skill level 1 in Shields
 16917 | Lair:2   | Reached skill level 5 in Shields
 17409 | Lair:2   | Received a gift from Trog
 17486 | Lair:2   | Reached XP level 13. HP: 81/83 MP: 4/13
 19056 | Lair:3   | Received a gift from Trog
 19221 | Lair:3   | Found a staircase to the Swamp.
 19288 | Lair:4   | Found a hole to the Spider Nest.
 19315 | Lair:4   | Reached skill level 5 in Armour
 19511 | Lair:4   | Found a frozen archway.
 19567 | IceCv    | Entered an ice cave
 19592 | IceCv    | Reached skill level 1 in Stealth
 19642 | IceCv    | Noticed Fusha's ghost (powerful TrMo)
 19654 | IceCv    | Killed Fusha's ghost
 19926 | IceCv    | Received a gift from Trog
 20152 | IceCv    | Noticed a frost giant
 20162 | IceCv    | Killed a frost giant
 20194 | IceCv    | Reached skill level 5 in Stealth
 20728 | Lair:4   | Reached XP level 14. HP: 63/90 MP: 1/14
 21085 | Lair:4   | Reached skill level 1 in Crossbows
 21616 | Lair:5   | Found a labyrinth entrance.
 21634 | Lab      | Entered a labyrinth
 21860 | Lab      | Got a translucent steel amulet
 21863 | Lab      | Got a pitted dagger
 21874 | Lair:5   | Identified the amulet of Tadomete {Ward rElec rN+ Dex+4 Slay-2} (You found it in a labyrinth)
 21883 | Lair:5   | Identified the +0 dagger "Udghampu" {holy, rElec Stlth+} (You found it in a labyrinth)
 22461 | Lair:5   | Received a gift from Trog
 23415 | Lair:6   | Reached skill level 5 in Crossbows
 23661 | Lair:6   | Received a gift from Trog
 24456 | Lair:7   | Got a faintly humming ring mail
 24467 | Lair:7   | Identified the cursed -2 ring mail of the Present {rElec rN+ MP-9} (You found it on level 7 of the Lair of Beasts)
 25105 | Lair:7   | Found a staircase to the Slime Pits.
 25317 | Lair:8   | Entered Level 8 of the Lair of Beasts
 25491 | Lair:6   | Received a gift from Trog
 25935 | Lair:8   | Got a dazzling hand axe
 25936 | Lair:8   | Identified the cursed +3 hand axe "Buc Fraph" {venom, rC+ Dex+4} (You found it on level 8 of the Lair of Beasts)
 25972 | Lair:8   | Received a gift from Trog
 26073 | Lair:8   | Reached XP level 15. HP: 88/97 MP: 6/15
 26305 | Lair:8   | Received a gift from Trog
 26572 | Lair:8   | Reached skill level 15 in Maces & Flails
 27595 | Orc:1    | Entered Level 1 of the Orcish Mines
 27682 | Orc:1    | Found Zeapayc's Jewellery Shop.
 27733 | Orc:1    | Noticed Dowan
 27734 | Orc:1    | Noticed Duvessa
 27740 | Orc:1    | Killed Dowan
 27744 | Orc:1    | Killed Duvessa
 27992 | Orc:1    | Received a gift from Trog
 28080 | Orc:1    | Found a bloodstained altar of Trog.
 28509 | Orc:3    | Found Chirch's Jewellery Boutique.
 28559 | Orc:3    | Found a staircase to the Elven Halls.
 28619 | Orc:3    | Received a gift from Trog
 29016 | Orc:2    | Found Titreuf's Magic Scroll Shop.
 29228 | Orc:4    | Entered Level 4 of the Orcish Mines
 29341 | Orc:4    | Found Zonyhopsau's Assorted Antiques.
 29342 | Orc:4    | Found Kluc's Armour Emporium.
 29342 | Orc:4    | Found Chum's Assorted Antiques.
 29342 | Orc:4    | Found Uddun's General Store.
 29348 | Orc:4    | Reached skill level 16 in Maces & Flails
 29378 | Orc:4    | Received a gift from Trog
 29424 | Orc:4    | Got an iridescent morningstar {god gift}
 29425 | Orc:4    | Identified the +5 morningstar "Dyewk" {crush, +Blink rC- Str+3 SInv} (Trog gifted it to you on level 4 of the Orcish Mines)
 29431 | Orc:4    | Bought 2 pink potions for 61 gold pieces
 29431 | Orc:4    | Bought a scroll labeled PNASEKH ATRI for 34 gold pieces
 29432 | Orc:4    | Bought a scroll of fear for 63 gold pieces
 29432 | Orc:4    | Bought a scroll of identify for 36 gold pieces
 29433 | Orc:4    | Bought a scroll labeled BLO BOFOYS for 29 gold pieces
 29433 | Orc:4    | Bought a potion of heal wounds for 145 gold pieces
 29433 | Orc:4    | Bought a brown potion for 26 gold pieces
 29642 | Orc:4    | Found Ceta's Book Emporium.
 29957 | Elf:1    | Entered Level 1 of the Elven Halls
 30131 | Elf:1    | Received a gift from Trog
 30310 | Elf:1    | Got a crude whip
 30311 | Elf:1    | Identified the +6 whip "Suzaitz" {speed, rF- rC+ rN+ Int+3 SInv} (You found it on level 1 of the Elven Halls)
 30514 | Elf:1    | Received a gift from Trog
 30514 | Elf:1    | Reached XP level 16. HP: 104/104 MP: 7/16
 30568 | Elf:1    | Noticed Nikola
 30575 | Elf:1    | Killed from afar by Nikola

Action                   |  1- 3 |  4- 6 |  7- 9 | 10-12 | 13-15 | 16-18 || total
-------------------------+-------+-------+-------+-------+-------+-------++-------
Melee: Mace              |   109 |   177 |   223 |       |       |       ||   509
       Flail             |       |       |   112 |   544 |   860 |       ||  1516
       Eveningstar       |       |       |       |       |   384 |       ||   384
       Morningstar       |       |       |       |       |    81 |    15 ||    96
Throw: Stone             |       |       |       |     2 |       |       ||     2
       Tomahawk          |       |       |       |     2 |     4 |       ||     6
Invok: Berserk           |     1 |     3 |    13 |    18 |    18 |       ||    53
       Trog's Hand       |     2 |       |       |       |       |       ||     2
       Burn Spellbooks   |       |       |     1 |     4 |     1 |       ||     6
       Brothers in Arms  |       |       |     1 |     2 |     5 |       ||     8
Evoke: Wand              |       |       |       |       |     6 |       ||     6
  Use: Scroll            |       |     8 |     1 |    10 |    13 |       ||    32
       Potion            |       |       |     1 |     1 |       |       ||     2
 Stab: Sleeping          |       |     2 |     5 |     3 |    24 |       ||    34
       Fleeing           |       |       |       |       |     1 |       ||     1
       Distracted        |       |       |       |       |     2 |       ||     2
  Eat: Chunk             |     5 |    15 |    20 |    42 |    50 |       ||   132
       Meat ration       |       |       |     1 |       |     2 |       ||     3
       Pizza             |       |       |       |     1 |     1 |       ||     2
